 Dungeon Crawl Stone Soup version 0.18-a0-1805-g8ab820f (webtiles) character file.

697 Slimper123 the Sneak (level 7, -3/37 HPs)
             Began as a Vine Stalker Assassin on Apr 25, 2016.
             Was a Believer of Qazlal.
             Slain by an orc
             ... wielding a +2 hand axe of electrocution
              (4 damage)
             ... on level 5 of the Dungeon.
             The game lasted 00:43:34 (3828 turns).

Slimper123 the Sneak (Vine Stalker Assassin)        Turns: 3828, Time: 00:43:35

Health: -3/37      AC:  7    Str: 15    XL:     7   Next: 65%
Magic:  0/9        EV: 11    Int: 11    God:    Qazlal [**....]
Gold:   259        SH:  2    Dex: 16    Spells: 0 memorised, 6 levels left

rFire  . . .     SeeInvis .     a - +2 dagger
rCold  . . .     Gourm    .     v - +1 ring mail (curse)
rNeg   . . .     Faith    .     (no shield)
rPois  .         Spirit   +     (no helmet)
rElec  .         Dismiss  .     d - +0 cloak
rCorr  .         Reflect  .     (no gloves)
SustAt .         Harm     .     (no boots)
MR     .....                    (no amulet)
Stlth  ++........               (no ring)
                                (no ring)

@: lethally poisoned (-3 -> -4), drained, not resistant to hostile enchantments,
unstealthy
A: fangs 2, regeneration 2, magic shield, antimagic bite, no device heal 3, rot
immunity
a: Upheaval, Renounce Religion


You were on level 5 of the Dungeon.
You worshipped Qazlal.
Qazlal was pleased with you.
You were not hungry.

You visited 1 branch of the dungeon, and saw 6 of its levels.
You visited the Abyss 1 time.

You collected 259 gold pieces.

Inventory:

Hand Weapons
 a - a +2 dagger (weapon)
 b - a +0 blowgun
 i - a +0 whip
 k - a +0 hunting sling
 l - a +0 dagger
 t - a +0 short sword
 A - a +0 dagger
 E - a +1 hand axe of distortion
Missiles
 e - 8 poisoned needles
 f - 4 curare-tipped needles
 u - 94 stones (quivered)
Armour
 c - a +0 robe
 d - a +0 cloak (worn)
 j - a +0 ring mail
 m - a +0 leather armour
 n - a +0 robe
 v - a cursed +1 ring mail (worn)
 B - a +0 robe
Wands
 y - a wand of paralysis (17/24)
Scrolls
 p - 4 scrolls of identify
 s - a scroll of amnesia
 w - a scroll of immolation
 x - a scroll of remove curse
 z - a scroll of magic mapping
 C - 2 scrolls of teleportation
Potions
 o - a potion of brilliance {unknown}
 r - a potion of invisibility {unknown}
 D - a potion of degeneration {unknown}
Comestibles
 g - 2 bread rations
 h - a royal jelly
 q - 2 beef jerkies


   Skills:
 + Level 3.7(2.7) Fighting
 + Level 3.5(2.5) Short Blades
 - Level 3.3(2.3) Throwing
 + Level 3.0(2.0) Dodging
 + Level 6.5(5.4) Stealth
 + Level 1.7(0.6) Invocations


You had 6 spell levels left.
You didn't know any spells.

Dungeon Overview and Level Annotations

Branches:
Dungeon (6/15)
 Temple: D:4-7

Altars:
Ashenzari
Gozag
Kikubaaqudgha
Pakellas
Qazlal
Sif Muna
Zin

Annotations:
D:3 Sl000nik's ghost, amateur GrFi


Innate Abilities, Weirdness & Mutations

You have extremely sharp teeth.
You heal very quickly.
When hurt, damage is shared between your health and your magic reserves.
Your bite disrupts and absorbs the magic of your enemies.
Potions and wands cannot restore your health.
You are immune to rotting.


Message History

Found a scale mail.
There is a stone staircase leading up here.
The adder bites you but does no damage. You block the adder's attack.
The orc hits you with a hand axe of electrocution.
You are electrocuted!
You block the orc's attack.
You climb upwards.
You block the orc's attack.
A giant newt comes into view.
There is a stone staircase leading down here.
You miss the adder. You block the adder's attack. The adder bites you.
You are poisoned.
The adder poisons you! The orc hits you but does no damage. x2
You are electrocuted!
* * * LOW HITPOINT WARNING * * *
You block the orc's attack.
You hit the adder but do no damage. Your bite misses the adder.
* * * LOW HITPOINT WARNING * * *
You feel sick. The adder bites you but does no damage.
The adder barely misses you. The orc hits you but does no damage.
The orc hits you with a hand axe of electrocution.
You die...

#..##..####.
#.......... ..
#.........#...
#.........#.#
#.%.........#
###...........#.
.......oS......!
.......S@o....#.
.#.....o§o......
#.......)...lZ.
#..............
#...##...).....
#.## ..........
#.. ...[.......
.. .#.#.####..
##.. .. #.


You could see an orc wizard, 2 adders, 3 orcs, a giant gecko zombie and a giant
newt.

Vanquished Creatures
  Grinder (D:4)
  A centaur skeleton (D:4)
  A gnoll shaman (D:4)
  An iguana (D:4)
  Natasha (twice) (D:3)
  4 worker ants (D:4)
  Robin (D:3)
  9 gnolls
  8 adders
  2 worms
  4 giant geckos
  3 orcs
  4 giant cockroaches
  10 goblins
  9 hobgoblins
  14 jackals
  6 kobolds
  3 quokkas
  A ball python (D:4)
  8 bats
  12 giant newts
  7 rats
111 creatures vanquished.

Notes
Turn   | Place    | Note
--------------------------------------------------------------
     0 | D:1      | Slimper123 the Vine Stalker Assassin began the quest for the Orb.
     0 | D:1      | Reached XP level 1. HP: 11/11 MP: 2/2
    94 | D:1      | Reached skill level 1 in Dodging
    94 | D:1      | Reached XP level 2. HP: 4/15 MP: 1/3
   754 | D:2      | Reached skill level 5 in Stealth
   935 | D:2      | Reached XP level 3. HP: 6/18 MP: 1/4
  1202 | D:2      | Found a stormy altar of Qazlal.
  1209 | D:2      | Became a worshipper of Qazlal Stormbringer
  1381 | D:2      | Reached XP level 4. HP: 23/23 MP: 5/5
  1654 | D:3      | Noticed Natasha
  1669 | D:3      | Killed Natasha
  1822 | D:3      | Noticed Sl000nik's ghost (amateur GrFi)
  1892 | D:4      | Reached XP level 5. HP: 12/27 MP: 4/6
  2069 | D:4      | Found an ancient bone altar of Kikubaaqudgha.
  2069 | D:4      | Found an oddly glowing altar of Pakellas.
  2069 | D:4      | Found a glowing silver altar of Zin.
  2103 | D:4      | Found a deep blue altar of Sif Muna.
  2363 | D:4      | Found an opulent altar of Gozag.
  2711 | D:3      | Noticed Robin
  2757 | D:3      | Gained mutation: You heal very quickly. [Vine Stalker growth]
  2757 | D:3      | Reached XP level 6. HP: 28/32 MP: 5/7
  2772 | D:3      | Reached * piety under Qazlal
  2787 | D:3      | Killed Robin
  3160 | D:3      | Noticed Natasha
  3172 | D:3      | Killed Natasha
  3352 | D:4      | Cast into level 1 of the Abyss (orc)
  3372 | D:4      | Escaped the Abyss
  3479 | D:4      | Reached ** piety under Qazlal
  3479 | D:4      | Reached skill level 6 in Stealth
  3573 | D:4      | Found a shattered altar of Ashenzari.
  3625 | D:4      | Reached XP level 7. HP: 19/36 MP: 8/8
  3694 | D:4      | Reached skill level 1 in Invocations
  3727 | D:4      | Noticed Grinder
  3757 | D:4      | Killed Grinder
  3817 | D:5      | Entered Level 5 of the Dungeon
  3827 | D:5      | HP: 1/37 [orc/hand axe of electrocution (15)]
  3828 | D:5      | Slain by an orc

Vault maps used:
D:1:      dpeg_arrival_simpleton_c, minmay_lizard_king
D:2:      grunt_qazlal_clouds
D:3:      kennysheep_cluttered_room, uniq_robin, uniq_natasha
D:4:      nicolae_overflow_quartered_altars, kennysheep_little_box,
          nicolae_gozag_cash_rules_everything_around_me, portal_sewer_entry_d,
          hangedman_minor_gate_pass, uniq_grinder
D:5:      minmay_temple_entry_purple_smoke, first_bread, uniq_blork_the_orc,
          uniq_crazy_yiuf_cottage, uniq_menkaure
D:6:      serial_shops, shop_statue

Skill      XL: |  1  2  3  4  5  6  7 |
---------------+----------------------+-----
Fighting       | 2 3 |  3.7
Throwing       | 2 3 |  3.3
Dodging        | 1 2 3 |  3.0
Stealth        | 5 6 |  6.5
Short Blades   | 2 3 |  3.5
Invocations    | 1 |  1.7

Action                   |  1- 3 |  4- 6 |  7- 9 || total
-------------------------+-------+-------+-------++-------
Melee: Dagger            |   119 |   353 |    34 ||   506
       Bite              |    35 |    98 |     8 ||   141
  Use: Scroll            |     6 |     7 |       ||    13
       Potion            |       |     1 |       ||     1
 Stab: Sleeping          |     7 |     2 |       ||     9
       Distracted        |       |     1 |       ||     1
  Eat: Chunk             |     2 |     2 |     1 ||     5
       Meat ration       |       |     1 |       ||     1
Armor: Robe              |     6 |       |       ||     6
       Ring mail         |    44 |   121 |    21 ||   186
Dodge: Dodged            |    66 |   202 |    15 ||   283
Block: Other             |       |    18 |     7 ||    25
